 Dungeon Crawl Stone Soup version 0.22-a0-305-gd21a89c (webtiles) character file.

255495 grindst0ne the Corrupter of Planes (level 20, -23/164 HPs)
             Began as a Formicid Abyssal Knight on Mar 30, 2018.
             Was the Champion of Lugonu.
             Killed from afar by a fire giant (26 damage)
             ... with an exploding inner flame
             ... hexed by the player character
             ... on level 2 of the Vaults.
             The game lasted 02:55:09 (57138 turns).

grindst0ne the Corrupter of Planes (FoAK)          Turns: 57138, Time: 02:55:09

Health: -23/164    AC: 24    Str: 24    XL:     20   Next: 58%
Magic:  0/33       EV: 15    Int: 23    God:    Lugonu [******]
Gold:   185        SH: 22    Dex: 12    Spells: 8/19 levels left

rFire    + . .     SeeInvis +   m - +4 great sword of Contradiction {pain, rElec rPois rF+ Str+2}
rCold    + . .     Gourm    .   K - +2 large shield
rNeg     . . .     Faith    .   J - +2 plate armour of the Storm King {*Drain rCorr Int+7}
rPois    +         Spirit   +   (helmet unavailable)
rElec    +         Reflect  .   e - scarf {Spirit}
rCorr    +         Harm     .   R - +1 pair of gloves
MR       ++...                  (no boots)
Stlth    ..........             A - amulet of magic regeneration
HPRegen  0.37/turn              G - ring of protection from cold
MPRegen  0.48/turn              N - +4 ring of evasion

@: studying Fighting
A: permanent stasis, dig shafts and tunnels, four strong arms, antennae 3,
iridescent scales 1, rugged brown scales 1, agile 1
}: 2/15 runes: serpentine, barnacled
a: Dig, Shaft Self, Depart the Abyss, Bend Space, Banish, Corrupt, Enter the
Abyss, Brand Weapon With Distortion, Renounce Religion


You were on level 2 of the Vaults.
You worshipped Lugonu.
Lugonu was exalted by your worship.
You were not hungry.

You visited 7 branches of the dungeon, and saw 34 of its levels.
You visited the Abyss 1 time.

You collected 3747 gold pieces.
You spent 3562 gold pieces at shops.

Inventory:

Hand Weapons
 b - a +0 blowgun
 m - the +4 great sword of Contradiction (weapon) {pain, rElec rPois rF+ Str+2}
   (You found it on level 10 of the Dungeon)

   In the hands of one skilled in necromantic magic, it inflicts extra damage on
   living creatures.
   It affects your strength (+2).
   It protects you from fire.
   It insulates you from electricity.
   It protects you from poison.
 P - a +1 flail of protection
Missiles
 h - 3 poisoned javelins
 l - 14 throwing nets
 w - 174 poisoned needles
 y - 5 javelins
 T - 51 javelins of penetration (quivered)
 U - 13 tomahawks of returning
Armour
 e - a scarf of spirit shield (worn)
 z - a +1 cloak
 J - the +2 plate armour of the Storm King (worn) {*Drain rCorr Int+7}
   (You took it off a merfolk on level 1 of the Shoals)

   It affects your intelligence (+7).
   It protects you from acid and corrosion.
   It causes draining when unequipped.
 K - a +2 large shield (worn)
 R - a +1 pair of gloves (worn)
Jewellery
 d - an uncursed ring of wizardry
 f - a +5 ring of strength
 u - an uncursed ring of fire
 A - an amulet of magic regeneration (around neck)
 C - an uncursed ring of protection from magic
 G - a ring of protection from cold (left hand)
 N - a +4 ring of evasion (right hand)
 O - an uncursed ring of resist corrosion
 S - the ring "Mubiniho" {+Fly MR+ Int+2}
   (You found it on level 14 of the Dungeon)

   [ring of protection from magic]

   It affects your intelligence (+2).
   It affects your resistance to hostile enchantments.
   It lets you fly.
Wands
 j - a wand of enslavement (23)
 o - a wand of disintegration (21)
 I - a wand of polymorph (32)
 L - a wand of digging (67)
 Q - a wand of paralysis (14)
 W - a wand of scattershot (6)
 Z - a wand of acid (3)
Scrolls
 g - 2 scrolls of identify
 i - 5 scrolls of magic mapping
 n - 4 scrolls of enchant weapon
 q - a scroll of silence
 r - a scroll of holy word
 t - a scroll of fog
 v - 7 scrolls of enchant armour
 x - 7 scrolls of immolation
 D - 16 scrolls of remove curse
 E - 2 scrolls of vulnerability
 H - 4 scrolls of amnesia
 V - 5 scrolls of brand weapon
Potions
 k - 3 potions of mutation
 p - 5 potions of brilliance
 s - a potion of agility
 B - a potion of resistance
 F - 5 potions of flight
 M - 4 potions of cancellation
Books
 a - a manual of Fighting
Miscellaneous
 X - 2 sacks of spiders
Comestibles
 c - 47 rations
 Y - 9 chunks of flesh


   Skills:
 + Level 14.3 Fighting
 + Level 16.7 Long Blades
   Level 2.0 Axes
 - Level 4.0 Throwing
 - Level 16.0 Armour
 - Level 8.0 Dodging
 - Level 15.0 Shields
 - Level 9.0 Charms
 + Level 19.6 Invocations
 - Level 6.0 Evocations


You had 8 spell levels left.
You knew the following spells:

 Your Spells              Type           Power        Failure   Level  Hunger
a - Song of Slaying       Chrm           #####...     4%          2    ###....
b - Regeneration          Chrm/Necr      ###.......   47%         3    ####...
c - Deflect Missiles      Chrm/Air       ###.......   100%        6    #######


Dungeon Overview and Level Annotations

Branches:
Dungeon (15/15)            Temple (0/1) D:5            Lair (6/6) D:10
 Shoals (4/4) Lair:2        Snake (4/4) Lair:2        Slime (0/5) Lair:5
    Orc (2/2) D:12            Elf (1/3) Orc:2        Vaults (2/5) D:13
 Depths (0/5) D:15
  Crypt: Vaults:2-3

Altars:
Cheibriados
Dithmenos
Elyvilon
Gozag
Makhleb
Nemelex Xobeh
Qazlal
Ru
Trog
Uskayaw
Xom
Yredelemnul
Zin
The Shining One

Shops:
D:8 (   D:10 %   D:11 (   Orc:2 :([*   Shoals:2 [   Snake:1 ((*:   Snake:2 ==}
Snake:4 [(

Portals:
Hell: Lair:6

Annotations:
D:4 exclusion: downstairs
D:9 xccam's ghost, journeyman FoFi
D:10 corrupted
Lair:1 corrupted
Lair:4 exclusion: 2 downstairs
Shoals:1 exclusion: downstairs
Snake:3 exclusion: 2 downstairs
Snake:4 corrupted
Abyss:1 Rupert


Innate Abilities, Weirdness & Mutations

You cannot be hasted, slowed, berserked, paralysed or teleported.
You can dig through walls and to a lower floor.
Your four strong arms can wield two-handed weapons with a shield.
You have a pair of large antennae on your head. (SInv)
You are partially covered in iridescent scales. (AC +2)
You are partially covered in rugged brown scales. (AC +1, +3% HP)
You are agile. (Dex +2)


Message History

Evoke which item? (* to show all) (? for menu, Esc to quit)
Okay, then.
Okay, then.
Okay, then.
Evoke which item? (* to show all) (? for menu, Esc to quit)
Okay, then.
Evoke which item? (* to show all) (? for menu, Esc to quit)
Okay, then.
Unknown command.
Press: ? - help, v - describe, . - travel
Here: a fire giant, wielding a great sword of flaming (flame, severely wounded, covered in acid, inner flame)
The floor.
Evoke which item? (* to show all) (? for menu, Esc to quit)
Aiming: Scattershot
Press: ? - help, Shift-Dir - straight line, f/p - fire giant
Aim: a fire giant, wielding a great sword of flaming (flame, severely wounded, covered in acid, inner flame)
The burst of metal fragments hits the fire giant. x3
The fire giant explodes!
The fiery explosion engulfs you! You resist.
You die...

.'......#......# #....#
.#......#......# #....#
.+......#......# #....#
.#......#......# #....# .########
#....# .# #.%..#
.######################.%.%######
..)..............§§§.............
...)............@§§§§§§...(......
...).............§§§§§.§.o.†.....
.................§§..§)§%........
##+#######....###############+###
#....# ... #....# ... #....# (.
#....# .. #....#


There were no monsters in sight!

Vanquished Creatures
  Mara (Shoals:3)
  Gastronok (D:10)
  A sphinx (Vaults:2)
  Kirke (Snake:2)
  Ilsuiw (Shoals:4)
  7 nagarajas
  The ghost of Pawles22 the Bludgeoner, an adept GrFi of Okawaru (Snake:4)
  A fire giant (D:15)
  4 vault wardens
  A frost giant (Vaults:1)
  An orc warlord (Orc:2)
  An entropy weaver (Vaults:2)
  Nessos (Lair:5)
  4 merfolk javelineers
  10 merfolk impalers
  A yaktaur captain (Vaults:1)
  Fannar (Lair:2)
  A rakshasa (Vaults:1)
  12 naga warriors
  A vault guard (D:13)
  The ghost of budo the Unseen, a journeyman KoBe of Trog (Lair:2)
  9 hydras
  3 death knights
  A catoblepas (D:14)
  5 merfolk avatars
  5 anacondas
  9 centaur warriors
  An alligator snapping turtle (Shoals:4)
  4 satyrs
  A dancing weapon (Elf:1)
  5 merfolk aquamancers
  2 two-headed ogres
  A death yak (Lair:6)
  3 naga sharpshooters (Snake:4)
  2 tengu warriors
  5 shock serpents
  3 orc high priests (Orc:2)
  3 deep elf knights
  Nergalle (Lair:4)
  A sun demon (Lair:6)
  8 sea snakes
  A skeletal warrior (D:15)
  A salamander mystic (Snake:4)
  7 unseen horrors
  2 naga ritualists
  A kraken simulacrum (Shoals:4)
  2 glowing orange brains
  2 phantasmal warriors (D:14)
  A deep elf archer (Elf:1)
  29 harpies
  10 orc knights
  3 wizards
  Pikel (D:5)
  3 ironbrand convokers
  6 mana vipers
  14 ugly things
  7 deep elf magi
  7 salamanders
  3 cyclopes
  3 oklob plants
  15 manticores
  18 fauns
  7 guardian serpents
  22 black mambas
  11 merfolk sirens
  5 vault sentinels (Vaults:1)
  10 elephants
  A torpor snail (Lair:5)
  11 naga magi
  7 water nymphs
  11 spiny frogs
  5 rime drakes
  4 gargoyles
  An efreet (D:14)
  3 red devils (Lair:6)
  12 yaktaurs
  3 kobold demonologists
  2 tengu conjurers (D:13)
  A redback zombie (D:15)
  5 komodo dragons
  3 freezing wraiths
  2 ice devils (Lair:6)
  41 merfolk
  3 polar bears
  A hellwing (Lair:6)
  7 trolls
  The ghost of galech the Bolt Thrower, an amateur CeHu (D:3)
  3 wind drakes
  25 blink frogs
  11 snapping turtles
  4 hornets
  10 slime creatures
  13 dream sheep
  12 hippogriffs
  Sigmund (D:6)
  3 shadows
  11 water elementals
  A centaur simulacrum (D:15)
  40 yaks
  3 wraiths
  A spriggan (Lair:1)
  3 wyverns
  A human (D:7)
  A redback (shapeshifter) (D:15)
  8 basilisks
  2 hogs (D:7)
  Menkaure (D:6)
  21 nagas
  A warg (Vaults:1)
  A soldier ant (D:15)
  12 water moccasins
  3 acid dragons
  10 porcupines
  4 hell hounds (Lair:6)
  An eye of draining (D:9)
  A swamp drake (D:12)
  3 black bears
  52 orc warriors
  A hornet zombie (D:13)
  2 sky beasts
  3 necrophages
  3 ice beasts
  13 ogres
  4 wolves (Lair:1)
  4 phantoms
  15 centaurs
  14 crocodiles
  4 big kobolds
  A gnoll sergeant (D:7)
  23 bullfrogs
  A wyvern zombie (D:12)
  A wyvern skeleton (D:12)
  23 killer bees
  5 wights (D:8)
  4 howler monkeys
  3 centaur zombies
  7 crimson imps
  2 bullfrog zombies
  6 hounds
  2 quasits
  19 orc priests
  2 bullfrog skeletons
  14 jellies
  32 orc wizards
  Jessica (D:3)
  Ijyb (D:4)
  4 worker ants
  A hound skeleton (D:4)
  7 gnolls
  8 adders
  6 shadow imps
  3 oozes
  3 adder skeletons
  2 worms
  10 leopard geckos
  87 orcs
  A ball python (D:1)
  8 bats
  6 giant cockroaches
  5 goblins
  5 hobgoblins
  7 jackals
  6 quokkas
  5 frilled lizards
  A jackal zombie (D:9)
  22 kobolds
  A leopard gecko skeleton (D:9)
  A quokka skeleton (D:5)
  6 rats
  A fungus (Lair:6)
  2 plants (Shoals:2)
  A tentacle (Shoals:4)
1122 creatures vanquished.

Vanquished Creatures (collateral kills)
  A merfolk aquamancer (Shoals:4)
  A two-headed ogre (D:10)
  A harpy (Shoals:4)
3 creatures vanquished.

Vanquished Creatures (others)
  14 nagarajas (Snake:4)
  2 slime creatures
  A merfolk impaler (Lair:2)
  A hydra (Lair:3)
  An anaconda (Snake:4)
  A merfolk avatar (Shoals:2)
  2 naga warriors (Snake:4)
  A merfolk aquamancer (Lair:2)
  2 orc high priests (Orc:2)
  2 naga sharpshooters (Snake:4)
  A deep elf knight (Orc:2)
  2 naga ritualists (Snake:4)
  2 mana vipers (Snake:4)
  A deep elf mage (Orc:2)
  5 guardian serpents (Snake:4)
  5 black mambas (Snake:4)
  4 naga magi (Snake:4)
  2 hippogriffs (Lair:1)
  5 spriggans (Lair:1)
  A water elemental (Shoals:2)
  6 humans (Snake:2)
  11 nagas (Snake:4)
  A water moccasin (Lair:1)
  A porcupine (Lair:1)
  A black bear (Lair:1)
  A necrophage (D:10)
  21 wolves (Lair:1)
  A crocodile (Lair:1)
  2 big kobolds (D:10)
  A bullfrog (Lair:1)
  6 killer bees (D:10)
  2 orc priests (D:10)
  An orc wizard (D:3)
  An orc (D:12)
  12 kobolds (D:10)
  A bush (Lair:6)
  59 fungi
  27 plants
  4 starspawn tentacles (Snake:4)
  4 tentacles (Shoals:4)
218 creatures vanquished.

Grand Total: 1343 creatures vanquished

Notes
Turn   | Place    | Note
-------+----------+-------------------------------------------
     0 | Abyss:1  | grindst0ne the Formicid Abyssal Knight began the quest for the Orb.
     0 | Abyss:1  | Reached XP level 1. HP: 18/18 MP: 2/2
     7 | Abyss:1  | Noticed a fire bat
     7 | Abyss:1  | Noticed a fire bat
     8 | D:1      | Escaped the Abyss
    88 | D:1      | Reached * piety under Lugonu
    93 | D:1      | Reached XP level 2. HP: 23/24 MP: 3/3
   503 | D:1      | Reached XP level 3. HP: 30/30 MP: 5/5
   920 | D:2      | Reached skill level 3 in Invocations
  1207 | D:2      | Reached XP level 4. HP: 22/37 MP: 6/6
  1487 | D:2      | Found a white marble altar of Elyvilon.
  1487 | D:2      | Found a burning altar of Makhleb.
  1688 | D:2      | You fall through a shaft for 2 floors!
  1730 | D:4      | Noticed Ijyb
  1748 | D:4      | Killed Ijyb
  1786 | D:4      | Found a glowing golden altar of the Shining One.
  1852 | D:4      | Found a bloodstained altar of Trog.
  1919 | D:4      | Found a glowing silver altar of Zin.
  1929 | D:4      | Noticed an angel
  1932 | D:4      | Found a shimmering altar of Xom.
  2101 | D:3      | Reached XP level 5. HP: 36/42 MP: 7/7
  2111 | D:3      | Found a snail-covered altar of Cheibriados.
  2121 | D:3      | Reached skill level 1 in Shields
  2163 | D:3      | Found a hide-covered altar of Uskayaw.
  2462 | D:3      | Noticed galech's ghost (amateur CeHu)
  2471 | D:3      | Gained mutation: You are partially covered in rugged brown scales. (AC +1, +3% HP) [potion of mutation]
  2471 | D:3      | Gained mutation: You are partially covered in iridescent scales. (AC +2) [potion of mutation]
  2471 | D:3      | Gained mutation: You are agile. (Dex +2) [potion of mutation]
  2500 | D:3      | Killed galech's ghost
  2500 | D:3      | Reached skill level 4 in Invocations
  2500 | D:3      | Reached XP level 6. HP: 51/51 MP: 7/9
  2733 | D:3      | Reached ** piety under Lugonu
  2741 | D:3      | Reached skill level 5 in Fighting
  2756 | D:3      | Reached XP level 7. HP: 25/57 MP: 10/10
  2935 | D:3      | Noticed Jessica
  2938 | D:3      | Killed Jessica
  3528 | D:4      | Found a shadowy altar of Dithmenos.
  3916 | D:5      | Entered Level 5 of the Dungeon
  3931 | D:5      | Noticed a water moccasin
  3970 | D:3      | Killed a water moccasin
  3970 | D:3      | Reached skill level 5 in Invocations
  4508 | D:4      | Reached skill level 5 in Armour
  4651 | D:5      | Reached XP level 8. HP: 61/65 MP: 12/12
  4695 | D:5      | Noticed Pikel
  4722 | D:5      | Killed Pikel
  4722 | D:5      | Reached skill level 5 in Shields
  4722 | D:5      | Reached skill level 6 in Invocations
  4836 | D:5      | Found a staircase to the Ecumenical Temple.
  4908 | D:5      | Found a sacrificial altar of Ru.
  4909 | D:5      | Found a sparkling altar of Nemelex Xobeh.
  4910 | D:5      | Found an opulent altar of Gozag.
  4990 | D:5      | Found a stormy altar of Qazlal.
  5189 | D:6      | Reached XP level 9. HP: 66/73 MP: 12/14
  5450 | D:6      | Found a transporter.
  5484 | D:6      | Noticed a kobold demonologist
  5507 | D:6      | Found a transporter.
  5615 | D:6      | Reached skill level 7 in Invocations
  5647 | D:6      | Reached *** piety under Lugonu
  5927 | D:6      | Noticed Sigmund
  5955 | D:6      | Killed Sigmund
  6325 | D:6      | Noticed Menkaure
  6330 | D:6      | Killed Menkaure
  6575 | D:7      | You fall through a shaft for 2 floors!
  6987 | D:9      | Noticed xccam's ghost (journeyman FoFi)
  7040 | D:10     | Entered Level 10 of the Dungeon
  7220 | D:9      | Reached skill level 8 in Invocations
  7258 | D:9      | Reached XP level 10. HP: 19/82 MP: 16/16
  7711 | D:8      | Noticed an unseen horror
  7714 | D:8      | You fall through a shaft for 3 floors!
  7885 | D:10     | Reached **** piety under Lugonu
  8464 | D:9      | Reached skill level 9 in Invocations
  8505 | D:8      | Noticed a cyan ugly thing
  8520 | D:9      | Reached skill level 1 in Throwing
  8658 | D:8      | Found a basalt altar of Yredelemnul.
  8788 | D:8      | You fall through a shaft for 2 floors!
  9543 | D:7      | Reached ***** piety under Lugonu
  9629 | D:7      | Reached XP level 11. HP: 33/89 MP: 18/18
 10145 | D:7      | Reached skill level 1 in Evocations
 10701 | D:8      | Found Heelacw's Weapon Shoppe.
 10724 | D:8      | Killed an unseen horror
 10724 | D:8      | Reached skill level 10 in Invocations
 11159 | D:8      | Reached skill level 10 in Fighting
 11159 | D:8      | Reached skill level 10 in Armour
 11159 | D:8      | Reached skill level 10 in Shields
 11159 | D:8      | Reached skill level 11 in Invocations
 11159 | D:8      | Reached skill level 5 in Evocations
 11159 | D:8      | Reached XP level 12. HP: 86/100 MP: 18/20
 11365 | D:8      | HP: 5/100 [cyan ugly thing (15)]
 12222 | D:9      | Found a sparkling altar of Nemelex Xobeh.
 12351 | D:10     | Corrupted D:10
 12351 | D:10     | Noticed a starcursed mass
 12352 | D:10     | Noticed a thrashing horror
 12702 | D:10     | Found a staircase to the Lair.
 12792 | D:10     | Found Jeyqyo's Food Shop.
 12886 | D:10     | Noticed Gastronok
 12922 | D:10     | Killed Gastronok
 13151 | D:10     | Noticed a two-headed ogre
 13184 | D:10     | Got a crystal great sword
 13195 | D:10     | Identified the +4 great sword of Contradiction {pain, rElec rPois rF+ Str+2} (You found it on level 10 of the Dungeon)
 13462 | D:10     | Killed a two-headed ogre
 13620 | D:11     | Found Boidafoy's Antique Weapon Shop.
 13622 | D:11     | Noticed an eight-headed hydra
 13639 | D:11     | HP: 5/101 [eight-headed hydra (7)]
 13640 | D:11     | Killed an eight-headed hydra
 13640 | D:11     | Reached skill level 1 in Long Blades
 13640 | D:11     | Reached XP level 13. HP: 5/109 MP: 21/21
 14284 | D:11     | Reached skill level 12 in Invocations
 15247 | D:12     | Found a staircase to the Orcish Mines.
 15892 | D:13     | Noticed a centaur warrior
 15900 | D:13     | Killed a centaur warrior
 16015 | D:13     | Reached skill level 5 in Long Blades
 16527 | Lair:1   | Entered Level 1 of the Lair of Beasts
 16559 | Lair:1   | Corrupted Lair:1
 16559 | Lair:1   | Noticed a starcursed mass
 16600 | Lair:1   | Noticed a yellow draconian monk
 16600 | Lair:1   | Noticed a white draconian shifter
 16956 | Lair:1   | Reached skill level 13 in Invocations
 17132 | Lair:1   | Noticed a seven-headed hydra
 17146 | Lair:1   | Killed a seven-headed hydra
 17702 | Lair:2   | Noticed Fannar
 17716 | Lair:2   | Killed Fannar
 18028 | Lair:2   | Found a staircase to the Shoals.
 18047 | Lair:2   | Reached XP level 14. HP: 52/116 MP: 22/24
 18308 | Lair:2   | Noticed budo's ghost (journeyman KoBe)
 18327 | Lair:2   | Killed budo's ghost
 18415 | Lair:2   | Found a staircase to the Snake Pit.
 19269 | Lair:3   | HP: 4/116 [six-headed hydra (3)]
 20150 | Lair:4   | Noticed Rupert
 20184 | Lair:4   | Banished Rupert
 20184 | Lair:4   | Reached skill level 14 in Invocations
 20555 | Lair:4   | Noticed Nergalle
 20566 | Lair:4   | Killed Nergalle
 20663 | Lair:4   | Found a snail-covered altar of Cheibriados.
 20830 | Lair:5   | Noticed Nessos
 21152 | Lair:5   | You fall through a shaft!
 21152 | Lair:6   | Entered Level 6 of the Lair of Beasts
 22312 | Lair:6   | Reached XP level 15. HP: 121/121 MP: 26/26
 22456 | Lair:6   | Reached skill level 15 in Invocations
 23454 | Lair:6   | Found a burning altar of Makhleb.
 23978 | Lair:5   | Reached skill level 10 in Long Blades
 24154 | Lair:5   | Found a staircase to the Slime Pits.
 24872 | Lair:5   | Killed Nessos
 25456 | Lair:6   | Found a gateway to Hell.
 25476 | Lair:6   | Reached skill level 16 in Invocations
 26516 | D:13     | Found a gate to the Vaults.
 27222 | D:13     | Reached XP level 16. HP: 95/128 MP: 24/28
 27238 | D:13     | Reached skill level 15 in Armour
 28171 | D:14     | Got a wavering granite ring
 28173 | D:14     | Identified the ring "Mubiniho" {+Fly MR+ Int+2} (You found it on level 14 of the Dungeon)
 29141 | D:15     | Entered Level 15 of the Dungeon
 29532 | D:15     | Noticed a fire giant
 30006 | D:15     | Found a staircase to the Depths.
 30113 | D:15     | Reached ****** piety under Lugonu
 30295 | D:15     | Killed a fire giant
 30971 | Orc:1    | Entered Level 1 of the Orcish Mines
 31408 | Orc:2    | Entered Level 2 of the Orcish Mines
 31408 | Orc:2    | Found a staircase to the Elven Halls.
 31410 | Orc:2    | Found Otallor's General Store.
 31683 | Orc:2    | Bought a scroll of silence for 75 gold pieces
 31793 | Orc:2    | Found Ruwopec's Antique Armour Emporium.
 32343 | Orc:2    | Bought a glowing cloak for 165 gold pieces
 32923 | Orc:2    | Found Gismiyse's Book Boutique.
 32999 | Orc:2    | Found Qutimaf's Antique Weapon Shoppe.
 33213 | Orc:2    | Bought a manual of Long Blades for 1545 gold pieces
 33442 | Snake:1  | Entered Level 1 of the Snake Pit
 33591 | Snake:1  | Reached XP level 17. HP: 121/138 MP: 29/29
 33908 | Snake:1  | Found Fap Yniucsi's Book Shoppe.
 33909 | Snake:1  | Found Zynykh's General Store.
 33909 | Snake:1  | Found Zosov's Antique Weapon Emporium.
 33914 | Snake:1  | Found Civox's Antique Weapon Emporium.
 34761 | Snake:2  | Noticed Kirke
 34820 | Snake:2  | Killed Kirke
 34820 | Snake:2  | Reached skill level 17 in Invocations
 35489 | Snake:2  | Found Ceestrurgh's Gadget Shop.
 35489 | Snake:2  | Found Unih's Jewellery Shoppe.
 35889 | Snake:2  | Found Vitreatu's Jewellery Shoppe.
 37005 | Snake:3  | Reached skill level 1 in Dodging
 37730 | Snake:3  | Found Iryess's Antique Weapon Shoppe.
 38344 | Snake:3  | Learned a level 2 spell: Song of Slaying
 38348 | Snake:3  | Learned a level 3 spell: Regeneration
 38355 | Snake:3  | Learned a level 6 spell: Deflect Missiles
 38694 | Snake:4  | Entered Level 4 of the Snake Pit
 38698 | Snake:4  | Found Ogam's Antique Weapon Boutique.
 38742 | Snake:4  | Corrupted Snake:4
 38746 | Snake:4  | Noticed a starcursed mass
 39067 | Snake:4  | Reached skill level 1 in Charms
 39076 | Snake:4  | Found Kucuucwi's Antique Armour Boutique.
 40281 | Snake:4  | Bought a pair of embroidered gloves for 232 gold pieces
 40383 | Snake:4  | Reached XP level 18. HP: 66/147 MP: 27/30
 41014 | Snake:4  | Noticed Pawles22's ghost (adept GrFi)
 41234 | Snake:4  | Got a serpentine rune of Zot
 41820 | Snake:4  | Killed Pawles22's ghost
 42299 | Elf:1    | Entered Level 1 of the Elven Halls
 43543 | Shoals:1 | Entered Level 1 of the Shoals
 44519 | Lair:2   | Reached skill level 18 in Invocations
 45184 | Shoals:1 | Reached skill level 5 in Dodging
 45242 | Shoals:1 | Reached skill level 5 in Charms
 45825 | Shoals:1 | Got a smoking plate armour
 45836 | Shoals:1 | Identified the +2 plate armour of the Storm King {*Drain rCorr Int+7} (You took it off a merfolk on level 1 of the Shoals)
 46194 | Shoals:2 | Found Eroutt's Armour Emporium.
 47858 | Shoals:2 | Reached XP level 19. HP: 105/153 MP: 32/32
 49204 | Shoals:4 | Entered Level 4 of the Shoals
 49457 | Shoals:4 | Reached skill level 15 in Long Blades
 49500 | Shoals:4 | Noticed Ilsuiw
 49621 | Shoals:3 | Identified the +0 chain mail of the Grue {rElec Str+4 Dex+6} (You took it off a merfolk on level 3 of the Shoals)
 50635 | Shoals:2 | Reached skill level 15 in Shields
 51757 | Shoals:4 | Got a barnacled rune of Zot
 52004 | Shoals:4 | Noticed Mara
 52014 | Shoals:4 | Noticed grindst0ne's illusion
 52223 | Shoals:3 | Noticed grindst0ne's illusion
 52234 | Shoals:3 | Killed Mara
 52833 | Shoals:3 | Reached skill level 19 in Invocations
 53559 | Shoals:4 | Killed Ilsuiw
 53897 | Shoals:4 | Reached XP level 20. HP: 66/160 MP: 20/33
 54565 | Orc:2    | Bought a manual of Fighting for 1545 gold pieces
 54676 | Vaults:1 | Entered Level 1 of the Vaults
 57136 | Vaults:2 | HP: 6/164 [fire giant/great sword of flaming (12)]
 57138 | Vaults:2 | Killed from afar by a fire giant

Vault maps used:
D:1:      minmay_arrival_hallway, minmay_misc_feat_five,
          kennysheep_small_spiral, minmay_misc_feat_four_crosses
D:2:      grunt_temple_overflow_open, first_ration, corexii_leaking_fountain
D:3:      lemuel_round_altar, eat_drink_and_be_merry_uskayaw, uniq_jessica
D:4:      grunt_temple_overflow_order_and_chaos_1, nicolae_tso_carved_into_rock,
          nicolae_dithmenos_shadow_blocks, kennysheep_mini, uniq_ijyb
D:5:      minitemple, minmay_temple_entry_from_below_a, grunt_qazlal_sundering,
          uniq_sigmund, uniq_pikel
D:6:      gammafunk_wand_slinger, minmay_misc_feat_x, st_stairs_13,
          uniq_menkaure
D:7:      grunt_livestock
D:8:      nicolae_overflow_hidden_temple, serial_shops, shop, grunt_potential
D:9:      serial_corexii_hall, corexii_hall_statues_i, corexii_hall_statues_u,
          corexii_hall_statues_s, corexii_hall_statues_x, st_stairs_9,
          nemelex_spade_bored_becter
D:10:     erik_lair_dragon, serial_shops, shop, uniq_gastronok
D:11:     serial_shops, nicolae_shop_waterfront, kennysheep_dice
D:12:     erik_orc_1
D:13:     david_vaults_5, hangedman_abyss_or_decor_jellyfish_corner,
          hangedman_decor_push
D:15:     grunt_enter_depths_giant_problem, minivault_27
Lair:1:   kb_forest_paths, grunt_forest_large_clearings,
          minmay_lair_oklob_chamber
Lair:2:   minmay_shoals_entry_beasts, guppyfry_snake_entry_island, uniq_fannar
Lair:3:   st_stairs_3
Lair:4:   lemuel_centaur_altar, uniq_nergalle, uniq_rupert
Lair:5:   minmay_slime_entry_jelly_boxes, grunt_megastairs_5, uniq_nessos
Lair:6:   evil_forest, grunt_megastairs_1
Shoals:1: nicolae_shoals_flooded_hall
Shoals:2: serial_shops, shop, nicolae_shoals_stone_sculpture_thing
Shoals:4: shoals_end_grunt_ice, shoal_ilsuiw, uniq_mara
Snake:1:  grunt_ministairs_3, serial_bayou_pond_d, lemuel_fruit_tree,
          minmay_shoptagon
Snake:2:  minmay_shop_grove, uniq_kirke
Snake:3:  serial_shops, shop_fountains
Snake:4:  snake_hunt, grunt_megastairs_3, minmay_shop_star, serial_bayou_shore_b
Orc:2:    grunt_orc_gardens, grunt_orc_garden, grunt_orc_garden,
          grunt_orc_garden, grunt_orc_garden
Elf:1:    minivault_28, minmay_strange_pillars
Vaults:1: vaults_mumra_lcd, hangedman_vaults_corner_blocks,
          ontoclasm_vaults_tryst, ontoclasm_vaults_shuriken, st_cross,
          v_pattern_1, hangedman_vaults_nails, v_alt_pattern_2,
          nicolae_vaults_little_ls, vaults_room_pools, ontoclasm_vaults_spin,
          vaults_room_hallway, v_alt_pattern_3,
          nicolae_vaults_mini_display_case,
          nicolae_vaults_windows_and_doors_thing, v_misc_14
Vaults:2: minmay_crypt_entry_simple_statues, v_alt_pattern_1, st_hourglassy,
          vaults_room_ringed_pool, nicolae_vaults_shelves_hall,
          nicolae_vaults_diagonal_hallway_7, vaults_dpeg_ring,
          nicolae_vaults_yaktaur_gun_rack

Skill      XL: |  1  2  3  4  5  6  7  8  9 10 11 12 13 14 15 16 17 18 19 20 |
---------------+-------------------------------------------------------------+-----
Invocations    | 3 4 5 6 8 9 11 13 14 16 17 18 19 | 19.6
Armour         | 3 4 5 6 7 8 10 12 13 14 15 16 | 16.0
Fighting       | 4 5 6 8 9 10 11 12 13 14 | 14.3
Shields        | 2 3 4 5 7 8 10 11 12 13 14 15 | 15.0
Throwing       | 2 3 4 |  4.0
Evocations     | 5 6 |  6.0
Long Blades    | 1 6 8 10 11 13 14 16 | 16.7
Dodging        | 3 5 7 8 |  8.0
Charms         | 2 5 8 9 |  9.0
Axes           | |  2.0

Action                   |  1- 3 |  4- 6 |  7- 9 | 10-12 | 13-15 | 16-18 | 19-21 || total
-------------------------+-------+-------+-------+-------+-------+-------+-------++-------
Melee: Hand axe          |   120 |   124 |   236 |       |       |       |       ||   480
       Scythe            |       |       |   108 |   635 |       |       |       ||   743
       Dagger            |       |       |    70 |       |       |       |       ||    70
       Great sword       |       |       |       |     3 |  1334 |  2122 |  1300 ||  4759
       Flail             |       |       |       |       |    38 |       |       ||    38
Throw: Javelin           |       |       |     6 |    18 |    21 |     3 |    18 ||    66
       Throwing net      |       |       |     2 |       |       |       |     1 ||     3
Invok: Depart the Abyss  |     1 |       |       |       |       |       |       ||     1
       Bend Space        |       |       |     1 |       |     3 |       |       ||     4
       Corrupt           |       |       |       |     1 |     1 |     1 |       ||     3
       Banish            |       |       |       |       |    16 |    12 |       ||    28
 Abil: Dig               |       |       |    12 |    55 |    46 |    60 |     8 ||   181
       Shaft Self        |       |       |     1 |     1 |     1 |       |       ||     3
       Evoke Flight      |       |       |       |       |       |     1 |       ||     1
Evoke: Wand              |       |       |     1 |    41 |    22 |    34 |    20 ||   118
       Sack of spiders   |       |       |       |     3 |       |       |     1 ||     4
       Box of beasts     |       |       |       |       |       |     4 |     1 ||     5
  Use: Scroll            |       |     5 |     1 |    11 |     2 |    11 |     8 ||    38
       Potion            |       |     4 |    13 |     2 |     9 |    18 |       ||    46
 Stab: Paralysed         |       |       |     6 |     9 |       |       |    13 ||    28
       Held in net/web   |       |       |     1 |       |       |       |       ||     1
       Invisible         |       |       |       |       |       |     3 |       ||     3
       Distracted        |       |       |       |       |       |     1 |     2 ||     3
  Eat: Chunk             |     1 |     5 |    13 |    22 |    45 |    43 |    30 ||   159
       Ration            |       |       |     1 |     2 |     4 |    12 |     1 ||    20
Armor: Leather armour    |    59 |    34 |       |       |       |       |       ||    93
       Skin              |       |    26 |    32 |       |    55 |       |       ||   113
       Chain mail        |       |       |   258 |       |       |       |       ||   258
       Plate armour      |       |       |       |   593 |   758 |   724 |   322 ||  2397
Dodge: Dodged            |    84 |    61 |   157 |   272 |   656 |   699 |   409 ||  2338
Block: Buckler           |       |    21 |   119 |    35 |       |       |       ||   175
       Shield            |       |       |       |   563 |  1124 |   584 |       ||  2271
       Large shield      |       |       |       |       |       |  1364 |  1462 ||  2826
       Rpst.: Great sword |       |       |       |     1 |   146 |   161 |    70 ||   378

Table legend:
 A = Spawn XP
 B = Non-spawn XP
 C = Spawn XP percentage of total XP
 D = Spawn monster count
 E = Non-spawn monster count
 F = Spawn count percentage of total count
 G = Total turns spent on level
                    A         B        C        D         E        F      G
               +---------+---------+-------+---------+---------+-------+---------
         Total |       0 |  371891 |   0.0 |       0 |    1137 |   0.0 | 57138
               +---------+---------+-------+---------+---------+-------+---------
           D:1 |       0 |      38 |   0.0 |       0 |      22 |   0.0 |   841
           D:2 |       0 |      48 |   0.0 |       0 |      17 |   0.0 |   943
           D:3 |       0 |     620 |   0.0 |       0 |      27 |   0.0 |  1816
           D:4 |       0 |     237 |   0.0 |       0 |       9 |   0.0 |   994
           D:5 |       0 |     937 |   0.0 |       0 |      16 |   0.0 |   548
           D:6 |       0 |    1725 |   0.0 |       0 |      32 |   0.0 |  1523
           D:7 |       0 |    2970 |   0.0 |       0 |      47 |   0.0 |  1499
           D:8 |       0 |    3090 |   0.0 |       0 |      29 |   0.0 |  1723
           D:9 |       0 |    2610 |   0.0 |       0 |      41 |   0.0 |  1999
          D:10 |       0 |    5134 |   0.0 |       0 |      34 |   0.0 |  2041
          D:11 |       0 |    5683 |   0.0 |       0 |      31 |   0.0 |  1126
          D:12 |       0 |    2884 |   0.0 |       0 |      36 |   0.0 |  1288
          D:13 |       0 |   12773 |   0.0 |       0 |      44 |   0.0 |  2704
          D:14 |       0 |   13825 |   0.0 |       0 |      30 |   0.0 |  1510
          D:15 |       0 |   15360 |   0.0 |       0 |      42 |   0.0 |  1721
        Lair:1 |       0 |    3419 |   0.0 |       0 |      13 |   0.0 |  1255
        Lair:2 |       0 |   14341 |   0.0 |       0 |      31 |   0.0 |  2717
        Lair:3 |       0 |    6764 |   0.0 |       0 |      23 |   0.0 |  1212
        Lair:4 |       0 |    7086 |   0.0 |       0 |      22 |   0.0 |   924
        Lair:5 |       0 |   16210 |   0.0 |       0 |      61 |   0.0 |  1759
        Lair:6 |       0 |   24391 |   0.0 |       0 |      81 |   0.0 |  2992
      Shoals:1 |       0 |   14142 |   0.0 |       0 |      33 |   0.0 |  1759
      Shoals:2 |       0 |   19639 |   0.0 |       0 |      36 |   0.0 |  2394
      Shoals:3 |       0 |   30493 |   0.0 |       0 |      42 |   0.0 |  3231
      Shoals:4 |       0 |   35852 |   0.0 |       0 |      65 |   0.0 |  2136
       Snake:1 |       0 |    3456 |   0.0 |       0 |       7 |   0.0 |  1292
       Snake:2 |       0 |   16131 |   0.0 |       0 |      22 |   0.0 |  2247
       Snake:3 |       0 |   12437 |   0.0 |       0 |      22 |   0.0 |  2322
       Snake:4 |       0 |   38294 |   0.0 |       0 |      55 |   0.0 |  2817
         Orc:1 |       0 |    1407 |   0.0 |       0 |      22 |   0.0 |   849
         Orc:2 |       0 |   12530 |   0.0 |       0 |      47 |   0.0 |  2373
         Elf:1 |       0 |    2938 |   0.0 |       0 |       4 |   0.0 |   113
      Vaults:1 |       0 |   35245 |   0.0 |       0 |      80 |   0.0 |  2351
      Vaults:2 |       0 |    9182 |   0.0 |       0 |      14 |   0.0 |   111
               +---------+---------+-------+---------+---------+-------+---------
